 Dungeon Crawl Stone Soup version 0.30-a0-377-g5cb311bc9f (webtiles) character file.

Game seed: 8350736881741721300

758 qeuew the Trooper (level 7, 0/94 HPs)
             Began as a Minotaur Berserker on Nov 28, 2022.
             Was a Believer of Trog.
             Succumbed to a gnoll sergeant's poison
             ... on level 5 of the Dungeon on Nov 29, 2022.
             The game lasted 00:06:21 (2856 turns).

qeuew the Trooper (Minotaur Berserker)              Turns: 2856, Time: 00:06:22

Health: 0/94       AC:  8    Str: 22    XL:     7   Next: 50%
Magic:  6/6        EV: 13    Int:  7    God:    Trog [**....]
Gold:   242        SH:  0    Dex: 11    Spells: 6/6 levels left

rFire   . . .      SeeInvis .    o - +0 battleaxe
rCold   . . .      Faith    .    (shield currently unavailable)
rNeg    . . .      Spirit   .    e - +2 leather armour of Qecygh {Will+ Int+3}
rPois   +          Reflect  .    (helmet restricted)
rElec   .          Harm     .    l - +2 cloak
rCorr   .          Rampage  .    (no gloves)
Will    +++..                    (no boots)
Stlth   ..........               (no amulet)
HPRegen 1.35/turn                (no ring)
MPRegen 0.10/turn                (no ring)

@: berserking, lethally poisoned (0 -> -7), strong-willed, regenerating, very
quick
A: horns 2, retaliatory headbutt, poison resistance
a: Renounce Religion, Berserk, Trog's Hand


You were on level 5 of the Dungeon.
You worshipped Trog.
Trog was pleased with you.
You visited 1 branch of the dungeon, and saw 5 of its levels.

You collected 242 gold pieces.

Inventory:

Hand Weapons
 a - a +1 hand axe
 o - a +0 battleaxe (weapon)
Armour
 e - the +2 leather armour of Qecygh (worn) {Will+ Int+3}
   (You found it on level 3 of the Dungeon)

   Int:       It affects your intelligence (+3).
   Will:      It increases your willpower.
 l - a +2 cloak (worn)
Wands
 d - a wand of paralysis (7)
 n - a wand of flame (12)
Potions
 c - a potion of berserk rage
 f - a potion of flight
 g - 2 potions of resistance
 h - a potion of magic
 i - 2 potions of mutation


   Skills:
 + Level 6.0 Fighting
 + Level 6.0 Axes
 + Level 5.2 Armour
 + Level 4.8 Dodging
 + Level 2.0 Evocations


You had 6 spell levels left.
You didn't know any spells.
Your spell library was empty.

Dungeon Overview and Level Annotations

Branches:
Dungeon (5/15)
 Temple: D:4-7

Altars:
Elyvilon
Fedhas
Hepliaklqana
Ru
Trog

Shops:
D:2 =*


Innate Abilities, Weirdness & Mutations

You have a pair of horns on your head.
You reflexively headbutt those who attack you in melee.
Your system is resistant to poisons. (rPois)


Message History

The gnoll misses you. The gnoll closely misses you.
The gnoll sergeant closely misses you. You furiously retaliate!
You headbutt the gnoll sergeant.
Unknown command.
You barely miss the gnoll sergeant.
The gnoll sergeant is almost dead.
You hit the orc.
You kill the orc!
Trog accepts your kill.
You hit the orc priest.
You feel very sick. The orc priest barely misses you. The gnoll misses you.
The gnoll sergeant hits you with a +4 spear of venom!
* * * LOW HITPOINT WARNING * * *
You are lethally poisoned!
The gnoll completely misses you.
You barely miss the gnoll sergeant.
The gnoll sergeant is severely wounded.
You hit the orc. You barely miss the orc priest.
* * * LOW HITPOINT WARNING * * *
You feel very sick. The orc closely misses you.
The orc priest hits you with a +0 club.
* * * LOW HITPOINT WARNING * * *
The gnoll hits you but does no damage. The gnoll barely misses you.
The gnoll sergeant barely misses you. You furiously retaliate!
You headbutt the gnoll sergeant.
You kill the gnoll sergeant!
Trog accepts your kill.
Your Fighting skill increases to level 6!
Your Axes skill increases to level 6!
Your Evocations skill increases to level 2!
* * * LOW HITPOINT WARNING * * *
You feel very sick.
Unknown command.
You closely miss the orc priest. You headbutt the orc priest!
You feel the power of Trog in you as your rage grows.
You kill the orc priest!
Trog accepts your kill.
You closely miss the orc. You barely miss the gnoll.
You die...

#....## .....## #.....
......# #...... ......#
##....... ......##
##........ .......###
###.........
.........####....g......
...............)†.....#
............>...@g...#
........######.o)...##
.......## #.o....#
........ ##.o..##
........ ##....#
........ #...... .....
##...... ...... .....


You could see 2 gnolls and 3 orcs.

Vanquished Creatures
  Sigmund (D:2)
  2 orc warriors (D:4)
  A scorpion (D:4)
  A gnoll sergeant (D:5)
  3 orc priests
  A hound (D:5)
  2 iguanas
  An orc wizard (D:4)
  Robin (D:2)
  4 adders
  2 gnolls (D:5)
  A worm (D:3)
  7 orcs
  4 endoplasms
  7 goblins
  11 hobgoblins
  3 jackals (D:2)
  3 quokkas
  8 ball pythons
  2 bats
  2 frilled lizards
  2 kobolds
  4 rats
73 creatures vanquished.

Vanquished Creatures (others)
  3 fungi (D:4)
  4 plants (D:2)
7 creatures vanquished.

Grand Total: 80 creatures vanquished

Notes
Turn   | Place    | Note
-------+----------+-------------------------------------------
     0 | D:1      | qeuew the Minotaur Berserker began the quest for the Orb.
     0 | D:1      | Reached XP level 1. HP: 19/19 MP: 0/0
   258 | D:1      | Reached XP level 2. HP: 27/27 MP: 1/1
   487 | D:1      | Gained mutation: Your system is resistant to poisons.
                  | (rPois) [potion of mutation]
   509 | D:2      | Found Dini's Assorted Antiques.
   579 | D:2      | Found a faded altar of an unknown god.
   662 | D:2      | Noticed Robin
   663 | D:2      | Noticed Sigmund
   671 | D:2      | Killed Sigmund
   672 | D:2      | Reached XP level 3. HP: 13/35 MP: 2/2
   672 | D:2      | Reached XP level 4. HP: 16/41 MP: 3/3
   672 | D:2      | Reached XP level 5. HP: 18/47 MP: 4/4
   673 | D:2      | Killed Robin
   673 | D:2      | Reached ** piety under Trog
   837 | D:2      | You fall into a shaft and drop 2 floors!
   837 | D:4      | Found a white marble altar of Elyvilon.
   859 | D:4      | Noticed an orc warrior
   862 | D:4      | Reached skill level 5 in Fighting
   862 | D:4      | Reached skill level 5 in Axes
   982 | D:3      | Found a bloodstained altar of Trog.
  1322 | D:2      | Reached XP level 6. HP: 56/56 MP: 5/5
  1456 | D:2      | Found Usemutiz's Jewellery Boutique.
  1613 | D:3      | Identified the +2 leather armour of Qecygh {Will+ Int+3}
  1903 | D:4      | Killed an orc warrior
  1912 | D:4      | Noticed an orc warrior
  2186 | D:4      | Found a hazy altar of Hepliaklqana.
  2191 | D:4      | Reached skill level 1 in Evocations
  2506 | D:4      | Found a sacrificial altar of Ru.
  2533 | D:4      | Reached XP level 7. HP: 56/61 MP: 6/6
  2534 | D:4      | Reached skill level 5 in Armour
  2737 | D:4      | Found a blossoming altar of Fedhas.
  2824 | D:5      | Entered Level 5 of the Dungeon
  2854 | D:5      | HP: 4/93 [orc priest/+0 club (3)]
  2856 | D:5      | Succumbed to a gnoll sergeant's poison

Illustrated notes

Levels and vault maps discovered:
D:1:      nzn_arrival_depleted_hourglass, layout_rooms
D:2:      layout_rooms, hellmonk_ecumenical_altar_zigzags, serial_shops,
          nicolae_shop_hallway_stairs, shop, serial_bayou_pond_a,
          minmay_misc_feat_four_crosses, uniq_robin, uniq_sigmund
D:3:      layout_rooms, mainiacjoe_overflow_brackets
D:4:      layout_cave_pools, mainiacjoe_overflow_boulevard,
          mainiacjoe_overflow_alcove_1, nicolae_ru_the_path_less_chosen,
          mainiacjoe_overflow_alcove_4, guppyfry_early_orc_mine
D:5:      layout_layer_cave, mainiacjoe_overflow_six_doors_small,
          minmay_temple_entry_grid, gammafunk_ghost_smash,
          minmay_fractal_squares_5

Skill      XL: |  1  2  3  4  5  6  7 |
---------------+----------------------+-----
Axes           | 4 5 6 |  6.0
Fighting       | 4 5 6 |  6.0
Armour         | 3 4 5 |  5.2
Dodging        | 3 4 |  4.8
Evocations     | 1 2 |  2.0

Action                   |  1- 3 |  4- 6 |  7- 9 || total
-------------------------+-------+-------+-------++-------
Melee: Hand axe          |    30 |   108 |       ||   138
       Headbutt          |     5 |    14 |     3 ||    22
       Battleaxe         |       |       |    11 ||    11
Invok: Berserk           |     1 |     2 |     1 ||     4
       Trog's Hand       |       |     1 |     1 ||     2
  Use: Scroll            |     3 |     5 |     4 ||    12
       Potion            |     3 |     4 |     3 ||    10
Armor: Animal skin       |     1 |       |       ||     1
       Ring mail         |     6 |    17 |       ||    23
       Leather armour    |       |    11 |    13 ||    24
Dodge: Dodged            |    17 |    57 |    33 ||   107

Table legend: (Time is in decaauts)
 A = Elapsed time spent in this place.
 B = Non-inter-level travel time spent in this place.
 C = Inter-level travel time spent in this place.
 D = Time resting spent in this place.
 E = Time spent auto-exploring this place.
 F = Levels seen in this place.
 G = Mean time per level.
                   A        B        C        D        E       F      G
               +--------+--------+--------+--------+--------+-----+--------+
         Total |   2875 |   2760 |    115 |     12 |   2270 |   5 |  575.0 |
       Dungeon |   2875 |   2760 |    115 |     12 |   2270 |   5 |  575.0 |
               +--------+--------+--------+--------+--------+-----+--------+

Top non-repeatable levels by time:
     D:4: 978 daAuts
     D:2: 749 daAuts
     D:3: 609 daAuts
     D:1: 503 daAuts
     D:5: 34 daAuts
